 Dungeon Crawl Stone Soup version 0.29.1-15-g9cfb28693d (webtiles) character file.

Game seed: 4460873472038038920

609 boopmooplesden the Chopper (level 7, -10/60 HPs)
             Began as a Minotaur Fighter on Mar 16, 2023.
             Was an Initiate of Trog.
             Mangled by a two-headed ogre
             ... wielding a +0 giant club
              (20 damage)
             ... on level 5 of the Dungeon.
             The game lasted 00:04:50 (4118 turns).

boopmooplesden the Chopper (Minotaur Fighter)       Turns: 4118, Time: 00:04:50

Health: -10/60     AC: 13    Str: 23    XL:     7   Next: 19%
Magic:  6/6        EV:  6    Int:  5    God:    Trog [......]
Gold:   256        SH:  4    Dex:  9    Spells: 6/6 levels left

rFire   + . .      SeeInvis .   a - +0 war axe
rCold   + + .      Faith    .   c - +0 buckler
rNeg    . . .      Spirit   .   p - +0 plate armour
rPois   .          Reflect  .   (helmet restricted)
rElec   +          Harm     .   t - scarf {rC+ rF+}
rCorr   .          Rampage  .   f - +0 pair of gloves
Will    .....                   (no boots)
Stlth   ..........              v - amulet "Soakohim" {rElec Regen+}
HPRegen 1.00/turn               n - ring of protection from cold
MPRegen 0.10/turn               (no ring)

@: no status effects
A: horns 2, retaliatory headbutt
a: Renounce Religion


You were on level 5 of the Dungeon.
You worshipped Trog.
Trog was noncommittal.
You visited 2 branches of the dungeon, and saw 6 of its levels.
You also visited: Ossuary.

You collected 256 gold pieces.

Inventory:

Hand Weapons
 a - a +0 war axe (weapon)
Missiles
 m - 2 javelins (quivered)
Armour
 c - a +0 buckler (worn)
 f - a +0 pair of gloves (worn)
 p - a +0 plate armour (worn)
 t - a scarf of resistance (worn)
Jewellery
 n - a ring of protection from cold (left hand)
 s - a ring of fire
 v - the amulet "Soakohim" (around neck) {rElec Regen+}
   (You found it on level 4 of the Dungeon)

   [amulet of regeneration]

   rElec:     It insulates you from electricity.
   Regen:     It increases your rate of health regeneration.
Wands
 F - a wand of flame (17)
Scrolls
 d - a scroll of summoning {unknown}
 g - 4 scrolls of teleportation {unknown}
 h - 2 scrolls of fog {unknown}
 i - 2 scrolls of immolation {unknown}
 j - a scroll of magic mapping {unknown}
 l - a scroll of amnesia {unknown}
 o - 2 scrolls of identify {unknown}
 q - a scroll of torment {unknown}
 y - 4 scrolls of enchant armour {unknown}
 A - 3 scrolls of poison {unknown}
 E - a scroll of blinking {unknown}
Potions
 b - a potion of lignification {unknown}
 e - 5 potions of heal wounds {unknown}
 k - 2 potions of attraction {unknown}
 r - a potion of haste {unknown}
 u - 2 potions of resistance {unknown}
 w - a potion of flight {unknown}
 x - 3 potions of invisibility {unknown}
 z - a potion of curing {unknown}
 B - 2 potions of degeneration {unknown}
 C - a potion of magic {unknown}
 D - a potion of brilliance {unknown}


   Skills:
 + Level 4.9 Fighting
 + Level 6.9 Axes
 + Level 0.2 Throwing
 + Level 5.2 Armour
 + Level 1.7 Dodging
 + Level 0.1 Stealth
 + Level 5.0 Shields


You had 6 spell levels left.
You didn't know any spells.
Your spell library contained the following spells:

 Spells                   Type           Power      Damage    Failure   Level
 Sandblast                Erth           0%         2d4       100%        1
 Sting                    Tmut/Pois      0%         1d3       100%        1
 Passwall                 Tmut/Erth      0%         N/A       100%        2
 Poisonous Vapours        Pois/Air       0%         N/A       100%        2
 Scorch                   Fire           0%         2d5       100%        2
 Conjure Flame            Conj/Fire      0%         6-21      100%        3
 Ignite Poison            Fire/Tmut/Pois 0%         N/A       100%        3
 Stone Arrow              Conj/Erth      0%         3d7       100%        3
 Flame Wave               Conj/Fire      0%         2d4       100%        4
 Olgreb's Toxic Radiance  Pois           0%         N/A       100%        4
 Sticky Flame             Conj/Fire      0%         2d3       100%        4
 Summon Cactus Giant      Summ           0%         N/A       100%        6
 Borgnjor's Revivificati  Necr           0%         N/A       100%        8
 Necromutation            Tmut/Necr      0%         N/A       100%        8
 Death's Door             Necr           0%         N/A       100%        9


Dungeon Overview and Level Annotations

Branches:
Dungeon (5/15)             Temple (1/1) D:5         Ossuary (visited)

Altars:
Ashenzari
Hepliaklqana
Kikubaaqudgha
Okawaru
Qazlal
Sif Muna
Trog
Uskayaw
Vehumet
Wu Jian
Zin
The Shining One

Shops:
D:4 [   D:5 (


Innate Abilities, Weirdness & Mutations

You have a pair of horns on your head.
You reflexively headbutt those who attack you in melee.


Message History

Trog accepts your kill.
Your Shields skill increases to level 5!
You see here a hound corpse.
You see here a +0 robe.
You open the door.
There is an open door here.
There is an open door here.
You open the door.
There is an open door here.
There is an open door here.
There is an open door here.
There is an open door here.
Found a club.
There is an entrance to Azufaint's Weapon Shop here.
Found a club.
You open the door.
A two-headed ogre comes into view.
It is wielding a +0 giant club and a +0 giant spiked club.
The two-headed ogre shouts in stereo!
A two-headed ogre is nearby!
A two-headed ogre is nearby!
A two-headed ogre is nearby!
You slash the two-headed ogre!
Your headbutt misses the two-headed ogre.
The two-headed ogre is moderately wounded.
The two-headed ogre barely misses you. x2
You barely miss the two-headed ogre. You headbutt the two-headed ogre!
The two-headed ogre is heavily wounded.
The two-headed ogre hits you with a +0 giant club!
The two-headed ogre hits you with a +0 giant spiked club.
You hit the two-headed ogre but do no damage.
You headbutt the two-headed ogre!
The two-headed ogre is severely wounded.
The two-headed ogre hits you with a +0 giant club!
The two-headed ogre hits you with a +0 giant spiked club!!
You barely miss the two-headed ogre. You headbutt the two-headed ogre.
The two-headed ogre is severely wounded.
The two-headed ogre hits you with a +0 giant club!
* * * LOW HITPOINT WARNING * * *
The two-headed ogre hits you with a +0 giant spiked club!!
You die...

#....+...........#
##..##.......<...#
####......#######
+...##...##
#...#.....##
#..........# #
#......∩...#
#..##.........#
#...O@.#....)##
#...#..##...## #..
#.....#.# #.
#.......# #
#.....### #.....#
#.....# #)....#
#.....#


You could see a two-headed ogre.

Vanquished Creatures
  Prince Ribbit (D:5)
  Menkaure (D:5)
  An elf zombie (Ossuary)
  A jelly (D:5)
  A hound (D:5)
  4 mummies (Ossuary)
  A hound zombie (Ossuary)
  4 gnolls (D:4)
  An adder zombie (Ossuary)
  2 worms
  A dart slug (D:1)
  An orc (D:5)
  7 ball pythons
  4 bats
  8 endoplasms
  A giant cockroach (D:4)
  7 hobgoblins
  4 jackals (D:2)
  A quokka (D:3)
  6 frilled lizards
  4 goblins
  3 goblin zombies (Ossuary)
  A jackal zombie (Ossuary)
  5 kobolds
  2 orc zombies (Ossuary)
  4 rats
  3 rat zombies (Ossuary)
79 creatures vanquished.

Notes
Turn   | Place    | Note
-------+----------+-------------------------------------------
     0 | D:1      | boopmooplesden the Minotaur Fighter began the quest for the
                  | Orb.
     0 | D:1      | Reached XP level 1. HP: 19/19 MP: 0/0
   289 | D:1      | Reached XP level 2. HP: 22/27 MP: 1/1
  1026 | D:2      | Found a faded altar of an unknown god.
  1320 | D:2      | Reached XP level 3. HP: 33/33 MP: 2/2
  1473 | D:2      | Reached skill level 3 in Axes
  2539 | D:4      | Found Xophibb's Antique Armour Shop.
  2641 | D:4      | Reached XP level 4. HP: 39/40 MP: 3/3
  3153 | D:4      | Identified the amulet "Soakohim" {rElec Regen+}
  3329 | D:5      | Entered Level 5 of the Dungeon
  3333 | D:5      | Found a sand-covered staircase.
  3341 | D:5      | Found Azufaint's Weapon Shop.
  3362 | Ossuary  | Entered an ossuary
  3367 | Ossuary  | Reached skill level 1 in Dodging
  3376 | Ossuary  | Reached skill level 4 in Axes
  3391 | Ossuary  | Reached XP level 5. HP: 47/47 MP: 4/4
  3433 | Ossuary  | Reached skill level 5 in Axes
  3554 | D:5      | Noticed Prince Ribbit
  3595 | D:5      | Killed Prince Ribbit
  3596 | D:5      | Reached skill level 6 in Axes
  3596 | D:5      | Reached XP level 6. HP: 37/55 MP: 5/5
  3657 | D:5      | Found a glowing golden altar of the Shining One.
  3725 | D:5      | Found a staircase to the Ecumenical Temple.
  3727 | D:5      | Noticed Menkaure
  3731 | D:5      | Reached skill level 5 in Armour
  3734 | D:5      | Killed Menkaure
  3735 | D:5      | Reached XP level 7. HP: 20/60 MP: 6/6
  3749 | Temple   | Entered the Ecumenical Temple
  3990 | Temple   | Became a worshipper of Trog the Wrathful
  4066 | D:5      | Reached skill level 5 in Shields
  4114 | D:5      | Noticed a two-headed ogre
  4118 | D:5      | Mangled by a two-headed ogre

Illustrated notes

Levels and vault maps discovered:
D:1:      kilobyte_arrival_exit_the_forest, layout_loops_ring, fountainhead
D:2:      layout_rooms, nicolae_ecumenical_pavilion
D:3:      wad_pebble_path, layout_basic
D:4:      minmay_wonky_spiral, layout_loops_ring, serial_shops, shop
D:5:      layout_gridville, mainiacjoe_overflow_24_doors,
          minmay_temple_entry_offerings, nicolae_ossuary_entry_false_entrances,
          serial_shops, nicolae_shop_bloodbath_and_beyond, uniq_prince_ribbit1,
          uniq_menkaure
Temple:   grunt_temple_mini_profane

Skill      XL: |  1  2  3  4  5  6  7 |
---------------+----------------------+-----
Shields        | 4 5 |  5.0
Fighting       | 4 |  4.9
Armour         | 4 5 |  5.2
Axes           | 3 4 6 |  6.9
Dodging        | 1 |  1.7
Throwing       | |  0.2
Stealth        | |  0.1

Action                   |  1- 3 |  4- 6 |  7- 9 || total
-------------------------+-------+-------+-------++-------
Melee: War axe           |   122 |    69 |     6 ||   197
       Headbutt          |    18 |     7 |     3 ||    28
Throw: Javelin           |       |     2 |       ||     2
  Use: Potion            |     1 |     1 |       ||     2
Armor: Scale mail        |    64 |       |       ||    64
       Plate armour      |    18 |    48 |       ||    66
Dodge: Dodged            |    51 |    22 |     3 ||    76
Block: Buckler           |    27 |    17 |     1 ||    45
